Monsters vs Condors

Created - July 13, 2022 at 21:02

Goals
1 2 3 T
Monsters 1 5 2 8
Condors 1 1 1 3
Shots
1 2 3 T
Monsters 8 14 13 35
Condors 12 14 11 37

1st period

1. Monsters , Austin Watson 1 (Jared Knight 5, Matt Grzelcyk 4) at 5:10 (SH)
2. Condors , Robby Fabbri 1 (Scott Mayfield 2, Carl Gunnarsson 2) at 15:36

Penalties :
Zac Dalpe (Cle) for Tripping (Minor) at 4:17

2nd period

3. Monsters , Ondrej Kase 5 (Dillon Heatherington 2, Zac Dalpe 4) at 1:45 (PP)
4. Condors , Adam Erne 1 (Robby Fabbri 2, Mark Jankowski 2) at 3:20
5. Monsters , Ryan Fitzgerald 3 (Matt Grzelcyk 5) at 4:44
6. Monsters , Joakim Nordstrom 1 (Bobby Farnham 3) at 10:57
7. Monsters , Marc Michaelis 1 (Jared Knight 6) at 15:23
8. Monsters , Richard Nejezchleb 1 (Patrik Laine 2, Ryan Fitzgerald 1) at 19:09

Penalties :
Tyler Bozak (Bak) for Slashing (Minor) at 0:03, Chris Bigras (Bak) for Hooking (Minor) at 13:10, Chris Bigras (Bak) for Tripping (Minor) at 16:57

3rd period

9. Monsters , Ondrej Kase 6 (Morgan Rielly 5, Austin Watson 4) at 0:16
10. Condors , Daniel Zaar 1 (Alexandre Carrier 2, Anton Slepyshev 3) at 8:33
11. Monsters , Marc Michaelis 2 (Jared Knight 7, Morgan Rielly 6) at 19:10

Penalties :
Aaron Ness (Cle) for Hooking (Minor) at 1:15, Tarmo Reunanen (Cle) for Hooking (Minor) at 14:07, Joakim Nordstrom (Cle) for Holding (Minor) at 16:53

Goalie Stats

Eric Comrie (Cle), 34 saves from 37 shots - (0.919), W, 4-0-0, 60:00 minutes
Mark Visentin (Bak), 13 saves from 17 shots - (0.765), L, 0-3-0, 30:57 minutes
Carter Hart (Bak), 14 saves from 18 shots - (0.778), 29:03 minutes

Players Stats for Monsters

Player Name              G  A  P  +/- PIM S  H  SB GA TA FO     MP     PP MP  PK MP  
------------------------------------------------------------------------------------
Aaron Ness               0  0  0   0  2   1  0  3  1  2  0/0    27:06   3:21   2:44 
Austin Watson            1  1  2   0  0   2  3  0  1  0  1/2    20:12   3:17   0:58 
Bobby Farnham            0  1  1   2  0   0  1  0  0  0  0/0    10:18   0:00   0:00 
Cameron Hughes           0  0  0   0  0   0  0  0  0  0  1/2     2:21   0:00   2:14 
Christian Hanson         0  0  0   0  0   2  1  0  1  1  7/16   17:54   2:19   2:26 
Dillon Heatherington     0  1  1   1  0   0  3  1  0  1  0/0    21:05   2:19   4:25 
Francis Perron           0  0  0   0  0   0  0  0  0  0  0/0     0:07   0:04   0:00 
Jared Knight             0  3  3   3  0   1  0  0  0  1  3/6    10:32   0:00   0:14 
Joakim Nordstrom         1  0  1   0  2   2  0  0  0  1  0/0    15:28   2:19   0:00 
Marc Michaelis           2  0  2   2  0   3  0  1  1  0  0/0    10:18   0:00   0:00 
Matt Grzelcyk            0  2  2   1  0   2  2  0  0  0  0/0    20:59   2:19   4:19 
Maxim Mamin              0  0  0   0  0   0  0  0  0  0  0/0     0:07   0:04   0:00 
Mitch Marner             0  0  0   0  0   2  1  1  0  0  0/0    17:54   2:19   2:26 
Morgan Rielly            0  2  2   0  0   1  1  3  0  3  0/0    28:00   3:21   3:37 
Ondrej Kase              2  0  2  -1  0   9  2  1  0  2  2/2    23:05   3:17   4:26 
Patrik Laine             0  1  1   2  0   0  1  0  0  0  0/0     6:50   0:00   0:00 
Richard Nejezchleb       1  0  1   2  0   1  0  0  1  0  0/0     6:50   0:00   0:00 
Ryan Fitzgerald          1  1  2   2  0   2  0  0  1  0  0/1     6:50   0:00   0:00 
Tarmo Reunanen           0  0  0   3  2   0  1  0  0  0  0/0    12:17   0:00   0:35 
Victor Mete              0  0  0   3  0   0  0  2  0  0  0/0    11:13   0:00   0:12 
Zac Dalpe                0  1  1  -1  2   7  0  1  1  1  15/35  22:34   3:21   3:08 

Players Stats for Condors

Player Name              G  A  P  +/- PIM S  H  SB GA TA FO     MP     PP MP  PK MP  
------------------------------------------------------------------------------------
Adam Erne                1  0  1   2  0   4  6  0  1  0  0/0    16:58   4:10   0:00 
Alexandre Carrier        0  1  1  -2  0   0  1  0  1  2  0/0    20:38   3:52   2:19 
Anton Slepyshev          0  1  1   0  0   4  8  0  2  1  0/3    23:32   3:07   2:48 
Carl Gunnarsson          0  1  1  -2  0   1  1  3  0  0  0/0    29:09   3:56   3:18 
Chris Bigras             0  0  0  -2  4   1  2  1  0  0  0/0    18:56   3:52   0:35 
Christian Thomas         0  0  0  -4  0   1  1  0  2  0  0/1    11:28   0:39   1:36 
Daniel Zaar              1  0  1   0  0   9  1  1  0  0  0/0    20:44   3:07   0:00 
Gustav Olofsson          0  0  0  -1  0   0  0  1  0  0  0/0    12:12   0:08   1:49 
Jesse Puljujarvi         0  0  0  -3  0   0  2  0  0  0  0/0     9:35   0:39   0:00 
Kiefer Sherwood          0  0  0  -2  0   1  1  0  0  0  0/0     6:46   0:00   0:00 
Louis Leblanc            0  0  0  -2  0   2  0  0  2  0  1/3     7:46   0:00   1:00 
Mark Jankowski           0  1  1   2  0   5  0  0  0  1  14/20  18:14   4:10   1:16 
Phil McRae               0  0  0  -4  0   1  1  1  1  0  3/5    11:20   0:40   1:27 
Philippe Myers           0  0  0  -1  0   1  0  1  0  2  0/0    10:36   0:08   0:13 
Robby Fabbri             1  1  2   2  0   4  0  0  0  0  1/1    18:14   4:10   1:16 
Scott Mayfield           0  1  1  -1  0   2  3  1  1  0  0/0    28:44   3:56   3:06 
Tyler Bozak              0  0  0   0  2   1  1  0  2  1  16/31  22:39   3:06   1:57 
Tyson Jost               0  0  0  -2  0   0  0  0  0  0  0/0     6:46   0:00   0:00 

3 Stars

1 - Marc Michaelis (Cle)
2 - Jared Knight (Cle)
3 - Ondrej Kase (Cle)

Power Play

Monsters - 1 on 3 Attempt(s) - 33.33%
Condors - 0 on 4 Attempt(s) - 0.00%

Penalty Kill

Monsters - 4 on 4 Attempt(s) - 100.00% - Score 1 goal in Penalty Kill
Condors - 2 on 3 Attempt(s) - 66.67% - Score 0 goal in Penalty Kill

Team Stat

Monsters - Hits : 16 - Faceoff Wins : 29 - Blocked Shots : 13 - Penalty Minutes : 8
Condors - Hits : 28 - Faceoff Wins : 35 - Blocked Shots : 9 - Penalty Minutes : 6

Official

Referees : Marc Joannette and Justin St. Pierre
Linesman : Travis Toomey and Julien Fournier

Game Notes

Carter Hart enters game at 10:57 of 2nd period

Finance

Level 1 -- Attendance: 2000 (100.00%) -- Ticket Income $70,000
Level 2 -- Attendance: 1000 (100.00%) -- Ticket Income $15,000
Total Attendance: 3000 (100.00%)
Total Ticket Income: $85,000
Other Income: $4,250
Total Income: $89,250

Monsters

5 vs 5 Forward 
   Center                   Left Wing                Right Wing               Time % Phy DF OF 
 1 Zac Dalpe                Austin Watson            Ondrej Kase              40     1   2  2  
 2 Christian Hanson         Joakim Nordstrom         Mitch Marner             30     1   2  2  
 3 Jared Knight             Marc Michaelis           Bobby Farnham            20     1   2  2  
 4 Ryan Fitzgerald          Patrik Laine             Richard Nejezchleb       10     1   2  2  

5 vs 5 Defense 
   Defense                  Defense                                           Time % Phy DF OF 
 1 Morgan Rielly            Aaron Ness                                        40     1   2  2  
 2 Dillon Heatherington     Matt Grzelcyk                                     30     1   2  2  
 3 Victor Mete              Tarmo Reunanen                                    20     1   2  2  
 4 Morgan Rielly            Aaron Ness                                        10     1   2  2  

PowerPlay Forward 
   Center                   Left Wing                Right Wing               Time % Phy DF OF 
 1 Zac Dalpe                Austin Watson            Ondrej Kase              60     1   2  2  
 2 Christian Hanson         Joakim Nordstrom         Mitch Marner             40     1   2  2  

PowerPlay Defense
   Defense                  Defense                                           Time % Phy DF OF 
 1 Morgan Rielly            Aaron Ness                                        60     1   2  2  
 2 Dillon Heatherington     Matt Grzelcyk                                     40     1   2  2  

Penalty Kill 4 Players Forward 
   Center                   Wing                     Time % Phy DF OF 
 1 Zac Dalpe                Ondrej Kase              60     1   2  2  
 2 Christian Hanson         Mitch Marner             40     1   2  2  

Penalty Kill 4 Players Defense
   Defense                  Defense                  Time % Phy DF OF 
 1 Morgan Rielly            Aaron Ness               60     1   2  2  
 2 Dillon Heatherington     Matt Grzelcyk            40     1   2  2  

Penalty Kill - 3 Players Forward 
   Forward                                           Time % Phy DF OF 
 1 Zac Dalpe                                         60     1   2  2  
 2 Ondrej Kase                                       40     1   2  2  

Penalty Kill - 3 Players Defense
   Defense                  Defense                  Time % Phy DF OF 
 1 Morgan Rielly            Aaron Ness               60     1   2  2  
 2 Dillon Heatherington     Matt Grzelcyk            40     1   2  2  

4 vs 4 Forward 
   Center                   Wing                     Time % Phy DF OF 
 1 Zac Dalpe                Ondrej Kase              60     1   2  2  
 2 Christian Hanson         Mitch Marner             40     1   2  2  

4 vs 4 Defense
   Defense                  Defense                  Time % Phy DF OF 
 1 Morgan Rielly            Aaron Ness               60     1   2  2  
 2 Dillon Heatherington     Matt Grzelcyk            40     1   2  2  

Last Minutes Offensive
   Center                   Left Wing                Right Wing               Defense                  Defense                  
   Zac Dalpe                Austin Watson            Ondrej Kase              Morgan Rielly            Aaron Ness               

Last Minutes Defensive
   Center                   Left Wing                Right Wing               Defense                  Defense                  
   Zac Dalpe                Austin Watson            Ondrej Kase              Morgan Rielly            Aaron Ness               

Goaltenders
Starting : Eric Comrie              
Backup : Phoenix Copley           

Extra Forwards
Normal : Maxim Mamin, Francis Perron, Cameron Hughes - PP : Maxim Mamin, Francis Perron - PK : Cameron Hughes
Extra Defensemen
Normal : Victor Mete, Tarmo Reunanen, Dillon Heatherington - PP : Victor Mete - PK : Tarmo Reunanen, Dillon Heatherington
Penalty Shots
Zac Dalpe, Ondrej Kase, Christian Hanson, Mitch Marner, Bobby Farnham

Scratches
Matt Calvert (Sprained Left Finger Injury), Nathan Noel (Healthy), Peyton Jones (Healthy)

Condors

5 vs 5 Forward 
   Center                   Left Wing                Right Wing               Time % Phy DF OF 
 1 Tyler Bozak              Anton Slepyshev          Daniel Zaar              40     1   2  2  
 2 Mark Jankowski           Robby Fabbri             Adam Erne                30     1   2  2  
 3 Phil McRae               Christian Thomas         Jesse Puljujarvi         20     1   2  2  
 4 Louis Leblanc            Tyson Jost               Kiefer Sherwood          10     1   2  2  

5 vs 5 Defense 
   Defense                  Defense                                           Time % Phy DF OF 
 1 Scott Mayfield           Carl Gunnarsson                                   40     1   2  2  
 2 Chris Bigras             Alexandre Carrier                                 30     1   2  2  
 3 Gustav Olofsson          Philippe Myers                                    20     1   2  2  
 4 Scott Mayfield           Carl Gunnarsson                                   10     1   2  2  

PowerPlay Forward 
   Center                   Left Wing                Right Wing               Time % Phy DF OF 
 1 Tyler Bozak              Anton Slepyshev          Daniel Zaar              60     1   2  2  
 2 Mark Jankowski           Robby Fabbri             Adam Erne                40     1   2  2  

PowerPlay Defense
   Defense                  Defense                                           Time % Phy DF OF 
 1 Scott Mayfield           Carl Gunnarsson                                   60     1   2  2  
 2 Chris Bigras             Alexandre Carrier                                 40     1   2  2  

Penalty Kill 4 Players Forward 
   Center                   Wing                     Time % Phy DF OF 
 1 Tyler Bozak              Anton Slepyshev          60     1   2  2  
 2 Mark Jankowski           Robby Fabbri             40     1   2  2  

Penalty Kill 4 Players Defense
   Defense                  Defense                  Time % Phy DF OF 
 1 Scott Mayfield           Carl Gunnarsson          60     1   2  2  
 2 Chris Bigras             Alexandre Carrier        40     1   2  2  

Penalty Kill - 3 Players Forward 
   Forward                                           Time % Phy DF OF 
 1 Tyler Bozak                                       60     1   2  2  
 2 Mark Jankowski                                    40     1   2  2  

Penalty Kill - 3 Players Defense
   Defense                  Defense                  Time % Phy DF OF 
 1 Scott Mayfield           Carl Gunnarsson          60     1   2  2  
 2 Chris Bigras             Alexandre Carrier        40     1   2  2  

4 vs 4 Forward 
   Center                   Wing                     Time % Phy DF OF 
 1 Tyler Bozak              Anton Slepyshev          60     1   2  2  
 2 Mark Jankowski           Robby Fabbri             40     1   2  2  

4 vs 4 Defense
   Defense                  Defense                  Time % Phy DF OF 
 1 Scott Mayfield           Carl Gunnarsson          60     1   2  2  
 2 Chris Bigras             Alexandre Carrier        40     1   2  2  

Last Minutes Offensive
   Center                   Left Wing                Right Wing               Defense                  Defense                  
   Tyler Bozak              Anton Slepyshev          Daniel Zaar              Scott Mayfield           Carl Gunnarsson          

Last Minutes Defensive
   Center                   Left Wing                Right Wing               Defense                  Defense                  
   Tyler Bozak              Anton Slepyshev          Daniel Zaar              Scott Mayfield           Carl Gunnarsson          

Goaltenders
Starting : Mark Visentin            
Backup : Carter Hart              

Extra Forwards
Normal : Phil McRae, Robby Fabbri, Louis Leblanc - PP : Phil McRae, Robby Fabbri - PK : Phil McRae
Extra Defensemen
Normal : Alexandre Carrier, Gustav Olofsson, Philippe Myers - PP : Alexandre Carrier - PK : Alexandre Carrier, Gustav Olofsson
Penalty Shots
Tyler Bozak, Anton Slepyshev, Mark Jankowski, Daniel Zaar, Phil McRae

Scratches
Anders Bjork (Healthy), Brett Lernout (Healthy), Cole Cassels (Healthy), Colin White (Healthy), Connor Hurley (Healthy)
Emil Djuse (Healthy), Jeremy Gregoire (Healthy), Jordan Subban (Healthy), Remi Elie (Healthy), Zac Leslie (Healthy)
Clayton Keller (Healthy), Nikolai Knyzhov (Healthy), Lucas Johansen (Healthy), Jack Campbell (Healthy)

% Time on Ice - Monsters

Lines # - Real PCT - Wanted PCT - Time Play
Normal Forward
1 - 35% - 40% - 16:07
2 - 28% - 30% - 13:09
3 - 22% - 20% - 10:18
4 - 15% - 10% - 6:50
Normal Defense
1 - 40% - 40% - 18:41
2 - 31% - 30% - 14:21
3 - 24% - 20% - 11:01
4 - 5% - 10% - 2:21
PP Forward
1 - 59% - 60% - 3:21
2 - 41% - 40% - 2:19
PP Defense
1 - 59% - 60% - 3:21
2 - 41% - 40% - 2:19
PK Forward
1 - 69% - 60% - 5:30
2 - 31% - 40% - 2:26
PK Defense
1 - 48% - 60% - 3:49
2 - 52% - 40% - 4:07
PK3 Forward
1 - 0% - 60%
2 - 0% - 40%
PK3 Defense
1 - 0% - 60%
2 - 0% - 40%
44 Forward
1 - 0% - 60%
2 - 0% - 40%
44 Defense
1 - 0% - 60%
2 - 0% - 40%
Last Minute Offensive  - 0:00
Last Minute Defensive  - 0:00
Total
Forward - 60:00
Defense - 60:00

% Time on Ice - Condors

Lines # - Real PCT - Wanted PCT - Time Play
Normal Forward
1 - 40% - 40% - 18:42
2 - 28% - 30% - 12:48
3 - 18% - 20% - 8:08
4 - 15% - 10% - 6:46
Normal Defense
1 - 41% - 40% - 19:11
2 - 31% - 30% - 14:27
3 - 21% - 20% - 9:48
4 - 6% - 10% - 2:58
PP Forward
1 - 43% - 60% - 3:25
2 - 57% - 40% - 4:31
PP Defense
1 - 51% - 60% - 4:04
2 - 49% - 40% - 3:52
PK Forward
1 - 78% - 60% - 4:24
2 - 22% - 40% - 1:16
PK Defense
1 - 55% - 60% - 3:06
2 - 45% - 40% - 2:34
PK3 Forward
1 - 0% - 60%
2 - 0% - 40%
PK3 Defense
1 - 0% - 60%
2 - 0% - 40%
44 Forward
1 - 0% - 60%
2 - 0% - 40%
44 Defense
1 - 0% - 60%
2 - 0% - 40%
Last Minute Offensive  - 0:00
Last Minute Defensive  - 0:00
Total
Forward - 60:00
Defense - 60:00

Play-by-Play

1st period


0:01 of 1st period - Tyler Bozak wins face-off versus Zac Dalpe in neutral zone.
0:04 of 1st period - Ondrej Kase is hit by Anton Slepyshev and loses puck.
0:30 of 1st period - Snap shot by Christian Hanson.
0:30 of 1st period - Stopped by Mark Visentin with a rebound.
0:48 of 1st period - Alexandre Carrier is hit by Dillon Heatherington and loses puck.
1:36 of 1st period - Off-side.
1:37 of 1st period - Mark Jankowski wins face-off versus Zac Dalpe in neutral zone.
1:59 of 1st period - Icing by Zac Dalpe.
2:00 of 1st period - Tyler Bozak wins face-off versus Zac Dalpe in Monsters zone.
2:07 of 1st period - Snap shot by Anton Slepyshev.
2:07 of 1st period - Stopped by Eric Comrie without a rebound.
2:08 of 1st period - Christian Hanson wins face-off versus Tyler Bozak in Monsters zone.
2:08 of 1st period - Christian Hanson is hit by Anton Slepyshev.
2:29 of 1st period - Snap shot by Daniel Zaar.
2:29 of 1st period - Stopped by Eric Comrie with a rebound.
3:45 of 1st period - Snap shot by Anton Slepyshev.
3:45 of 1st period - Shot Misses the Net.
3:49 of 1st period - Snap shot by Tyler Bozak.
3:49 of 1st period - Shot Blocked by Aaron Ness.
3:51 of 1st period - Slapshot by Tyler Bozak.
3:51 of 1st period - Shot Blocked by Aaron Ness.
3:53 of 1st period - Slapshot by Philippe Myers.
3:53 of 1st period - Shot Misses the Net.
3:55 of 1st period - Slapshot by Philippe Myers.
3:55 of 1st period - Stopped by Eric Comrie without a rebound.
3:56 of 1st period - Mark Jankowski wins face-off versus Zac Dalpe in Monsters zone.
3:57 of 1st period - Wrist shot by Robby Fabbri.
3:57 of 1st period - Shot Hit the Post.
3:59 of 1st period - Snap shot by Mark Jankowski.
3:59 of 1st period - Stopped by Eric Comrie with a rebound.
4:01 of 1st period - Wrist shot by Adam Erne.
4:01 of 1st period - Shot Blocked by Zac Dalpe.
4:17 of 1st period - Minor Penalty to Zac Dalpe for Tripping.
4:18 of 1st period - Mark Jankowski wins face-off versus Cameron Hughes in Monsters zone.
4:49 of 1st period - Matt Grzelcyk is hit by Adam Erne and loses puck.
5:10 of 1st period - Snap shot by Austin Watson.
5:10 of 1st period - Goal by Austin Watson - Monsters : 1 - Condors : 0.
5:11 of 1st period - Cameron Hughes wins face-off versus Tyler Bozak in neutral zone.
5:34 of 1st period - Aaron Ness is hit by Adam Erne and loses puck.
6:17 of 1st period - Penalty to Zac Dalpe is over, Zac Dalpe is back on ice.
6:39 of 1st period - Victor Mete is hit by Phil McRae and loses puck.
7:46 of 1st period - Wrist shot by Kiefer Sherwood.
7:46 of 1st period - Deflect By Louis Leblanc.
7:46 of 1st period - Stopped by Eric Comrie with a rebound.
8:14 of 1st period - Icing by Aaron Ness.
8:15 of 1st period - Phil McRae wins face-off versus Ryan Fitzgerald in Monsters zone.
8:47 of 1st period - Wrist shot by Zac Dalpe.
8:47 of 1st period - Stopped by Mark Visentin with a rebound.
8:49 of 1st period - Slapshot by Aaron Ness.
8:49 of 1st period - Deflect By Zac Dalpe.
8:49 of 1st period - Shot Misses the Net.
8:49 of 1st period - Puck is out of play.
8:50 of 1st period - Zac Dalpe wins face-off versus Mark Jankowski in Condors zone.
9:04 of 1st period - Robby Fabbri is hit by Ondrej Kase and loses puck.
9:40 of 1st period - Tyson Jost is hit by Bobby Farnham and loses puck.
10:01 of 1st period - Dillon Heatherington is hit by Kiefer Sherwood and loses puck.
10:10 of 1st period - Snap shot by Kiefer Sherwood.
10:10 of 1st period - Shot Blocked by Dillon Heatherington.
10:48 of 1st period - Snap shot by Scott Mayfield.
10:48 of 1st period - Deflect By Kiefer Sherwood.
10:48 of 1st period - Shot Misses the Net.
10:48 of 1st period - Puck is out of play.
10:49 of 1st period - Mark Jankowski wins face-off versus Zac Dalpe in Monsters zone.
11:00 of 1st period - Snap shot by Mark Jankowski.
11:00 of 1st period - Stopped by Eric Comrie without a rebound.
11:01 of 1st period - Zac Dalpe wins face-off versus Mark Jankowski in Monsters zone.
11:01 of 1st period - Zac Dalpe is hit by Scott Mayfield.
11:09 of 1st period - Wrist shot by Zac Dalpe.
11:09 of 1st period - Shot Misses the Net.
11:26 of 1st period - Tyler Bozak is hit by Christian Hanson and loses puck.
13:45 of 1st period - Snap shot by Christian Thomas.
13:45 of 1st period - Stopped by Eric Comrie with a rebound.
13:47 of 1st period - Slapshot by Gustav Olofsson.
13:47 of 1st period - Shot Misses the Net.
13:49 of 1st period - Snap shot by Christian Thomas.
13:49 of 1st period - Shot Blocked by Victor Mete.
14:44 of 1st period - Icing by Zac Dalpe.
14:45 of 1st period - Tyler Bozak wins face-off versus Zac Dalpe in Monsters zone.
15:16 of 1st period - Snap shot by Daniel Zaar.
15:16 of 1st period - Shot Misses the Net.
15:30 of 1st period - Slapshot by Anton Slepyshev.
15:30 of 1st period - Stopped by Eric Comrie with a rebound.
15:32 of 1st period - Slapshot by Carl Gunnarsson.
15:32 of 1st period - Shot Misses the Net.
15:36 of 1st period - Snap shot by Robby Fabbri.
15:36 of 1st period - Goal by Robby Fabbri - Monsters : 1 - Condors : 1.
15:37 of 1st period - Mark Jankowski wins face-off versus Zac Dalpe in neutral zone.
16:30 of 1st period - Off-side.
16:31 of 1st period - Ondrej Kase wins face-off versus Tyler Bozak in neutral zone.
17:01 of 1st period - Slapshot by Mark Jankowski.
17:01 of 1st period - Stopped by Eric Comrie without a rebound.
17:02 of 1st period - Mark Jankowski wins face-off versus Christian Hanson in Monsters zone.
17:13 of 1st period - Snap shot by Robby Fabbri.
17:13 of 1st period - Shot Blocked by Mitch Marner.
17:15 of 1st period - Snap shot by Adam Erne.
17:15 of 1st period - Stopped by Eric Comrie with a rebound.
17:54 of 1st period - Snap shot by Jared Knight.
17:54 of 1st period - Shot Blocked by Carl Gunnarsson.
17:58 of 1st period - Wrist shot by Bobby Farnham.
17:58 of 1st period - Shot Misses the Net.
18:00 of 1st period - Slapshot by Morgan Rielly.
18:00 of 1st period - Deflect By Christian Thomas.
18:00 of 1st period - Stopped by Mark Visentin with a rebound.
18:59 of 1st period - Wrist shot by Joakim Nordstrom.
18:59 of 1st period - Shot Misses the Net.
19:01 of 1st period - Wrist shot by Mitch Marner.
19:01 of 1st period - Stopped by Mark Visentin without a rebound.
19:02 of 1st period - Tyler Bozak wins face-off versus Christian Hanson in Condors zone.
19:26 of 1st period - Christian Hanson is hit by Anton Slepyshev and loses puck.
19:31 of 1st period - Wrist shot by Daniel Zaar.
19:31 of 1st period - Stopped by Eric Comrie without a rebound.
19:32 of 1st period - Zac Dalpe wins face-off versus Phil McRae in Monsters zone.
19:41 of 1st period - Slapshot by Aaron Ness.
19:41 of 1st period - Shot Hit the Post.
19:43 of 1st period - Slapshot by Aaron Ness.
19:43 of 1st period - Deflect By Zac Dalpe.
19:43 of 1st period - Shot Misses the Net.
19:43 of 1st period - Puck is out of play.
19:44 of 1st period - Tyler Bozak wins face-off versus Zac Dalpe in Condors zone.
19:49 of 1st period - Wrist shot by Zac Dalpe.
19:49 of 1st period - Shot Misses the Net.
19:51 of 1st period - Snap shot by Ondrej Kase.
19:51 of 1st period - Shot Misses the Net.
19:53 of 1st period - Slapshot by Ondrej Kase.
19:53 of 1st period - Stopped by Mark Visentin without a rebound.
19:54 of 1st period - Zac Dalpe wins face-off versus Anton Slepyshev in Condors zone.
19:55 of 1st period - Snap shot by Ondrej Kase.
19:55 of 1st period - Stopped by Mark Visentin with a rebound.
19:59 of 1st period - Slapshot by Zac Dalpe.
19:59 of 1st period - Stopped by Mark Visentin with a rebound.
Goals for this period are 1 for Monsters vs 1 for Condors.
Shots for this period are 8 for Monsters vs 12 for Condors.

2nd period


0:01 of 2nd period - Tyler Bozak wins face-off versus Zac Dalpe in neutral zone.
0:03 of 2nd period - Minor Penalty to Tyler Bozak for Slashing.
0:04 of 2nd period - Zac Dalpe wins face-off versus Phil McRae in Condors zone.
0:12 of 2nd period - Snap shot by Zac Dalpe.
0:12 of 2nd period - Shot Blocked by Carl Gunnarsson.
0:14 of 2nd period - Snap shot by Austin Watson.
0:14 of 2nd period - Shot Misses the Net.
0:16 of 2nd period - Snap shot by Zac Dalpe.
0:16 of 2nd period - Stopped by Mark Visentin with a rebound.
0:18 of 2nd period - Backhand shot by Ondrej Kase.
0:18 of 2nd period - Stopped by Mark Visentin with a rebound.
0:20 of 2nd period - Wrist shot by Ondrej Kase.
0:20 of 2nd period - Shot Misses the Net.
0:50 of 2nd period - Chris Bigras is hit by Austin Watson and loses puck.
1:01 of 2nd period - Matt Grzelcyk is hit by Anton Slepyshev and loses puck.
1:27 of 2nd period - Carl Gunnarsson is hit by Dillon Heatherington.
1:36 of 2nd period - Zac Dalpe is hit by Scott Mayfield and loses puck.
1:43 of 2nd period - Snap shot by Ondrej Kase.
1:43 of 2nd period - Stopped by Mark Visentin with a rebound.
1:45 of 2nd period - Slapshot by Dillon Heatherington.
1:45 of 2nd period - Deflect By Ondrej Kase.
1:45 of 2nd period - Goal by Ondrej Kase - Monsters : 2 - Condors : 1.
1:46 of 2nd period - Tyler Bozak wins face-off versus Christian Hanson in neutral zone.
1:51 of 2nd period - Slapshot by Tyler Bozak.
1:51 of 2nd period - Shot Blocked by Morgan Rielly.
1:53 of 2nd period - Wrist shot by Anton Slepyshev.
1:53 of 2nd period - Shot Misses the Net.
1:55 of 2nd period - Wrist shot by Tyler Bozak.
1:55 of 2nd period - Deflect By Daniel Zaar.
1:55 of 2nd period - Stopped by Eric Comrie without a rebound.
1:56 of 2nd period - Tyler Bozak wins face-off versus Christian Hanson in Monsters zone.
2:05 of 2nd period - Wrist shot by Daniel Zaar.
2:05 of 2nd period - Stopped by Eric Comrie with a rebound.
2:07 of 2nd period - Snap shot by Daniel Zaar.
2:07 of 2nd period - Stopped by Eric Comrie with a rebound.
2:09 of 2nd period - Backhand shot by Alexandre Carrier.
2:09 of 2nd period - Shot Blocked by Morgan Rielly.
2:11 of 2nd period - Slapshot by Chris Bigras.
2:11 of 2nd period - Stopped by Eric Comrie without a rebound.
2:12 of 2nd period - Mark Jankowski wins face-off versus Zac Dalpe in Monsters zone.
2:19 of 2nd period - Snap shot by Robby Fabbri.
2:19 of 2nd period - Shot Misses the Net.
2:21 of 2nd period - Slapshot by Robby Fabbri.
2:21 of 2nd period - Stopped by Eric Comrie without a rebound.
2:22 of 2nd period - Zac Dalpe wins face-off versus Mark Jankowski in Monsters zone.
2:35 of 2nd period - Matt Grzelcyk is hit by Adam Erne and loses puck.
3:10 of 2nd period - Snap shot by Mark Jankowski.
3:10 of 2nd period - Shot Blocked by Ondrej Kase.
3:20 of 2nd period - Snap shot by Adam Erne.
3:20 of 2nd period - Goal by Adam Erne - Monsters : 2 - Condors : 2.
3:21 of 2nd period - Christian Hanson wins face-off versus Anton Slepyshev in neutral zone.
3:36 of 2nd period - Wrist shot by Christian Hanson.
3:36 of 2nd period - Stopped by Mark Visentin without a rebound.
3:37 of 2nd period - Phil McRae wins face-off versus Jared Knight in Condors zone.
3:49 of 2nd period - Snap shot by Jared Knight.
3:49 of 2nd period - Shot Blocked by Phil McRae.
3:51 of 2nd period - Slapshot by Morgan Rielly.
3:51 of 2nd period - Shot Blocked by Carl Gunnarsson.
4:03 of 2nd period - Aaron Ness is hit by Carl Gunnarsson and loses puck.
4:44 of 2nd period - Slapshot by Ryan Fitzgerald.
4:44 of 2nd period - Goal by Ryan Fitzgerald - Monsters : 3 - Condors : 2.
4:45 of 2nd period - Zac Dalpe wins face-off versus Tyler Bozak in neutral zone.
5:30 of 2nd period - Jared Knight is hit by Adam Erne and loses puck.
5:35 of 2nd period - Wrist shot by Robby Fabbri.
5:35 of 2nd period - Stopped by Eric Comrie without a rebound.
5:36 of 2nd period - Ondrej Kase wins face-off versus Tyler Bozak in Monsters zone.
6:02 of 2nd period - Phil McRae is hit by Matt Grzelcyk and loses puck.
7:25 of 2nd period - Snap shot by Daniel Zaar.
7:25 of 2nd period - Stopped by Eric Comrie without a rebound.
7:26 of 2nd period - Christian Hanson wins face-off versus Christian Thomas in Monsters zone.
7:26 of 2nd period - Christian Hanson is hit by Chris Bigras.
7:42 of 2nd period - Mitch Marner is hit by Christian Thomas and loses puck.
7:59 of 2nd period - Wrist shot by Ondrej Kase.
7:59 of 2nd period - Stopped by Mark Visentin without a rebound.
8:00 of 2nd period - Tyler Bozak wins face-off versus Zac Dalpe in Condors zone.
8:00 of 2nd period - Tyler Bozak is hit by Austin Watson.
8:40 of 2nd period - Wrist shot by Anton Slepyshev.
8:40 of 2nd period - Stopped by Eric Comrie without a rebound.
8:41 of 2nd period - Phil McRae wins face-off versus Christian Hanson in Monsters zone.
8:42 of 2nd period - Wrist shot by Christian Thomas.
8:42 of 2nd period - Shot Misses the Net.
8:53 of 2nd period - Icing by Aaron Ness.
8:54 of 2nd period - Christian Hanson wins face-off versus Mark Jankowski in Monsters zone.
8:54 of 2nd period - Christian Hanson is hit by Adam Erne.
8:57 of 2nd period - Icing by Mitch Marner.
8:58 of 2nd period - Robby Fabbri wins face-off versus Christian Hanson in Monsters zone.
9:09 of 2nd period - Slapshot by Robby Fabbri.
9:09 of 2nd period - Shot Misses the Net.
9:11 of 2nd period - Slapshot by Scott Mayfield.
9:11 of 2nd period - Deflect By Mitch Marner.
9:11 of 2nd period - Stopped by Eric Comrie with a rebound.
9:13 of 2nd period - Backhand shot by Carl Gunnarsson.
9:13 of 2nd period - Stopped by Eric Comrie without a rebound.
9:14 of 2nd period - Zac Dalpe wins face-off versus Anton Slepyshev in Monsters zone.
9:19 of 2nd period - Snap shot by Aaron Ness.
9:19 of 2nd period - Shot Misses the Net.
9:41 of 2nd period - Morgan Rielly is hit by Jesse Puljujarvi and loses puck.
9:46 of 2nd period - Slapshot by Christian Thomas.
9:46 of 2nd period - Shot Blocked by Morgan Rielly.
9:48 of 2nd period - Snap shot by Phil McRae.
9:48 of 2nd period - Stopped by Eric Comrie with a rebound.
9:50 of 2nd period - Snap shot by Alexandre Carrier.
9:50 of 2nd period - Shot Blocked by Marc Michaelis.
9:59 of 2nd period - Icing by Mitch Marner.
10:00 of 2nd period - Mark Jankowski wins face-off versus Christian Hanson in Monsters zone.
10:09 of 2nd period - Snap shot by Mark Jankowski.
10:09 of 2nd period - Stopped by Eric Comrie without a rebound.
10:10 of 2nd period - Zac Dalpe wins face-off versus Tyler Bozak in Monsters zone.
10:21 of 2nd period - Wrist shot by Ondrej Kase.
10:21 of 2nd period - Stopped by Mark Visentin with a rebound.
10:23 of 2nd period - Snap shot by Zac Dalpe.
10:23 of 2nd period - Shot Misses the Net.
10:57 of 2nd period - Snap shot by Joakim Nordstrom.
10:57 of 2nd period - Goal by Joakim Nordstrom - Monsters : 4 - Condors : 2.
10:57 of 2nd period - Carter Hart enters game.
10:58 of 2nd period - Zac Dalpe wins face-off versus Tyler Bozak in neutral zone.
11:25 of 2nd period - Christian Thomas is hit by Mitch Marner and loses puck.
11:41 of 2nd period - Icing by Jesse Puljujarvi.
11:42 of 2nd period - Mark Jankowski wins face-off versus Jared Knight in Condors zone.
11:46 of 2nd period - Scott Mayfield is hit by Matt Grzelcyk and loses puck.
12:34 of 2nd period - Wrist shot by Ondrej Kase.
12:34 of 2nd period - Shot Blocked by Chris Bigras.
12:40 of 2nd period - Wrist shot by Ondrej Kase.
12:40 of 2nd period - Stopped by Carter Hart with a rebound.
12:42 of 2nd period - Wrist shot by Matt Grzelcyk.
12:42 of 2nd period - Stopped by Carter Hart with a rebound.
13:10 of 2nd period - Minor Penalty to Chris Bigras for Hooking.
13:11 of 2nd period - Tyler Bozak wins face-off versus Zac Dalpe in Condors zone.
13:24 of 2nd period - Snap shot by Ondrej Kase.
13:24 of 2nd period - Shot Misses the Net.
14:42 of 2nd period - Phil McRae is hit by Morgan Rielly and loses puck.
15:10 of 2nd period - Penalty to Chris Bigras is over, Chris Bigras is back on ice.
15:23 of 2nd period - Wrist shot by Marc Michaelis.
15:23 of 2nd period - Goal by Marc Michaelis - Monsters : 5 - Condors : 2.
15:24 of 2nd period - Jared Knight wins face-off versus Tyler Bozak in neutral zone.
15:50 of 2nd period - Robby Fabbri is hit by Tarmo Reunanen and loses puck.
16:31 of 2nd period - Slapshot by Daniel Zaar.
16:31 of 2nd period - Shot Misses the Net.
16:33 of 2nd period - Snap shot by Scott Mayfield.
16:33 of 2nd period - Stopped by Eric Comrie with a rebound.
16:55 of 2nd period - Slapshot by Matt Grzelcyk.
16:55 of 2nd period - Deflect By Jesse Puljujarvi.
16:55 of 2nd period - Stopped by Carter Hart with a rebound.
16:57 of 2nd period - Minor Penalty to Chris Bigras for Tripping.
16:58 of 2nd period - Tyler Bozak wins face-off versus Zac Dalpe in Condors zone.
18:57 of 2nd period - Penalty to Chris Bigras is over, Chris Bigras is back on ice.
19:09 of 2nd period - Snap shot by Patrik Laine.
19:09 of 2nd period - Deflect By Richard Nejezchleb.
19:09 of 2nd period - Goal by Richard Nejezchleb - Monsters : 6 - Condors : 2.
19:10 of 2nd period - Jared Knight wins face-off versus Tyler Bozak in neutral zone.
19:17 of 2nd period - Snap shot by Marc Michaelis.
19:17 of 2nd period - Shot Blocked by Philippe Myers.
19:28 of 2nd period - Icing by Marc Michaelis.
19:29 of 2nd period - Jared Knight wins face-off versus Mark Jankowski in Monsters zone.
19:57 of 2nd period - Off-side.
19:58 of 2nd period - Zac Dalpe wins face-off versus Tyler Bozak in neutral zone.
Goals for this period are 5 for Monsters vs 1 for Condors.
Shots for this period are 14 for Monsters vs 14 for Condors.

3rd period


0:01 of 3rd period - Austin Watson wins face-off versus Tyler Bozak in neutral zone.
0:06 of 3rd period - Snap shot by Ondrej Kase.
0:06 of 3rd period - Shot Misses the Net.
0:10 of 3rd period - Snap shot by Zac Dalpe.
0:10 of 3rd period - Stopped by Carter Hart with a rebound.
0:12 of 3rd period - Slapshot by Austin Watson.
0:12 of 3rd period - Shot Blocked by Scott Mayfield.
0:14 of 3rd period - Slapshot by Morgan Rielly.
0:14 of 3rd period - Shot Misses the Net.
0:16 of 3rd period - Snap shot by Ondrej Kase.
0:16 of 3rd period - Goal by Ondrej Kase - Monsters : 7 - Condors : 2.
0:17 of 3rd period - Tyler Bozak wins face-off versus Zac Dalpe in neutral zone.
0:30 of 3rd period - Wrist shot by Daniel Zaar.
0:30 of 3rd period - Stopped by Eric Comrie without a rebound.
0:31 of 3rd period - Mark Jankowski wins face-off versus Zac Dalpe in Monsters zone.
0:38 of 3rd period - Snap shot by Mark Jankowski.
0:38 of 3rd period - Shot Blocked by Aaron Ness.
0:46 of 3rd period - Wrist shot by Zac Dalpe.
0:46 of 3rd period - Shot Misses the Net.
0:56 of 3rd period - Mitch Marner is hit by Anton Slepyshev and loses puck.
1:03 of 3rd period - Snap shot by Daniel Zaar.
1:03 of 3rd period - Stopped by Eric Comrie with a rebound.
1:05 of 3rd period - Slapshot by Anton Slepyshev.
1:05 of 3rd period - Shot Misses the Net.
1:15 of 3rd period - Minor Penalty to Aaron Ness for Hooking.
1:16 of 3rd period - Tyler Bozak wins face-off versus Zac Dalpe in Monsters zone.
1:53 of 3rd period - Matt Grzelcyk is hit by Adam Erne and loses puck.
2:30 of 3rd period - Chris Bigras is hit by Austin Watson and loses puck.
3:15 of 3rd period - Penalty to Aaron Ness is over, Aaron Ness is back on ice.
3:30 of 3rd period - Snap shot by Aaron Ness.
3:30 of 3rd period - Stopped by Carter Hart with a rebound.
3:55 of 3rd period - Slapshot by Zac Dalpe.
3:55 of 3rd period - Stopped by Carter Hart without a rebound.
3:56 of 3rd period - Christian Hanson wins face-off versus Louis Leblanc in Condors zone.
3:57 of 3rd period - Snap shot by Mitch Marner.
3:57 of 3rd period - Shot Misses the Net.
4:01 of 3rd period - Snap shot by Joakim Nordstrom.
4:01 of 3rd period - Stopped by Carter Hart without a rebound.
4:02 of 3rd period - Christian Hanson wins face-off versus Louis Leblanc in Condors zone.
4:03 of 3rd period - Wrist shot by Mitch Marner.
4:03 of 3rd period - Stopped by Carter Hart with a rebound.
4:31 of 3rd period - Snap shot by Robby Fabbri.
4:31 of 3rd period - Shot Misses the Net.
4:35 of 3rd period - Wrist shot by Mark Jankowski.
4:35 of 3rd period - Stopped by Eric Comrie without a rebound.
4:36 of 3rd period - Christian Hanson wins face-off versus Tyler Bozak in Monsters zone.
4:36 of 3rd period - Christian Hanson is hit by Anton Slepyshev.
4:46 of 3rd period - Snap shot by Joakim Nordstrom.
4:46 of 3rd period - Shot Misses the Net.
5:39 of 3rd period - Phil McRae is hit by Ondrej Kase and loses puck.
7:04 of 3rd period - Slapshot by Adam Erne.
7:04 of 3rd period - Stopped by Eric Comrie with a rebound.
7:16 of 3rd period - Chris Bigras is hit by Dillon Heatherington and loses puck.
7:47 of 3rd period - Phil McRae is hit by Patrik Laine and loses puck.
8:06 of 3rd period - Slapshot by Robby Fabbri.
8:06 of 3rd period - Stopped by Eric Comrie with a rebound.
8:08 of 3rd period - Wrist shot by Mark Jankowski.
8:08 of 3rd period - Shot Blocked by Victor Mete.
8:21 of 3rd period - Off-side.
8:22 of 3rd period - Tyler Bozak wins face-off versus Zac Dalpe in neutral zone.
8:33 of 3rd period - Snap shot by Daniel Zaar.
8:33 of 3rd period - Goal by Daniel Zaar - Monsters : 7 - Condors : 3.
8:34 of 3rd period - Tyler Bozak wins face-off versus Austin Watson in neutral zone.
8:43 of 3rd period - Wrist shot by Zac Dalpe.
8:43 of 3rd period - Shot Blocked by Daniel Zaar.
8:45 of 3rd period - Slapshot by Austin Watson.
8:45 of 3rd period - Deflect By Zac Dalpe.
8:45 of 3rd period - Stopped by Carter Hart with a rebound.
8:47 of 3rd period - Snap shot by Austin Watson.
8:47 of 3rd period - Stopped by Carter Hart with a rebound.
8:49 of 3rd period - Wrist shot by Zac Dalpe.
8:49 of 3rd period - Stopped by Carter Hart without a rebound.
8:50 of 3rd period - Mark Jankowski wins face-off versus Christian Hanson in Condors zone.
10:50 of 3rd period - Slapshot by Anton Slepyshev.
10:50 of 3rd period - Stopped by Eric Comrie with a rebound.
11:08 of 3rd period - Backhand shot by Jared Knight.
11:08 of 3rd period - Stopped by Carter Hart without a rebound.
11:09 of 3rd period - Mark Jankowski wins face-off versus Jared Knight in Condors zone.
12:20 of 3rd period - Victor Mete is hit by Chris Bigras.
12:28 of 3rd period - Slapshot by Alexandre Carrier.
12:28 of 3rd period - Shot Misses the Net.
12:30 of 3rd period - Snap shot by Louis Leblanc.
12:30 of 3rd period - Deflect By Kiefer Sherwood.
12:30 of 3rd period - Stopped by Eric Comrie with a rebound.
12:32 of 3rd period - Snap shot by Louis Leblanc.
12:32 of 3rd period - Stopped by Eric Comrie without a rebound.
12:33 of 3rd period - Tyler Bozak wins face-off versus Zac Dalpe in Monsters zone.
13:04 of 3rd period - Snap shot by Bobby Farnham.
13:04 of 3rd period - Shot Misses the Net.
14:07 of 3rd period - Minor Penalty to Tarmo Reunanen for Hooking.
14:08 of 3rd period - Zac Dalpe wins face-off versus Mark Jankowski in Monsters zone.
14:58 of 3rd period - Matt Grzelcyk is hit by Anton Slepyshev and loses puck.
15:35 of 3rd period - Mitch Marner is hit by Jesse Puljujarvi and loses puck.
16:07 of 3rd period - Penalty to Tarmo Reunanen is over, Tarmo Reunanen is back on ice.
16:26 of 3rd period - Snap shot by Ryan Fitzgerald.
16:26 of 3rd period - Deflect By Gustav Olofsson.
16:26 of 3rd period - Stopped by Carter Hart with a rebound.
16:46 of 3rd period - Snap shot by Jared Knight.
16:46 of 3rd period - Shot Blocked by Gustav Olofsson.
16:48 of 3rd period - Snap shot by Marc Michaelis.
16:48 of 3rd period - Stopped by Carter Hart without a rebound.
16:49 of 3rd period - Louis Leblanc wins face-off versus Christian Hanson in Condors zone.
16:53 of 3rd period - Minor Penalty to Joakim Nordstrom for Holding.
16:54 of 3rd period - Zac Dalpe wins face-off versus Tyler Bozak in Monsters zone.
16:54 of 3rd period - Zac Dalpe is hit by Anton Slepyshev.
17:03 of 3rd period - Morgan Rielly is hit by Tyler Bozak and loses puck.
17:49 of 3rd period - Snap shot by Tyler Bozak.
17:49 of 3rd period - Stopped by Eric Comrie without a rebound.
17:50 of 3rd period - Zac Dalpe wins face-off versus Tyler Bozak in Monsters zone.
17:50 of 3rd period - Zac Dalpe is hit by Alexandre Carrier.
18:19 of 3rd period - Icing by Adam Erne.
18:20 of 3rd period - Mark Jankowski wins face-off versus Zac Dalpe in Condors zone.
18:37 of 3rd period - Matt Grzelcyk is hit by Scott Mayfield and loses puck.
18:53 of 3rd period - Penalty to Joakim Nordstrom is over, Joakim Nordstrom is back on ice.
19:00 of 3rd period - Jared Knight is hit by Daniel Zaar.
19:10 of 3rd period - Slapshot by Marc Michaelis.
19:10 of 3rd period - Goal by Marc Michaelis - Monsters : 8 - Condors : 3.
19:11 of 3rd period - Mark Jankowski wins face-off versus Zac Dalpe in neutral zone.
19:24 of 3rd period - Wrist shot by Mark Jankowski.
19:24 of 3rd period - Deflect By Adam Erne.
19:24 of 3rd period - Stopped by Eric Comrie without a rebound.
19:25 of 3rd period - Zac Dalpe wins face-off versus Tyler Bozak in Monsters zone.
Goals for this period are 2 for Monsters vs 1 for Condors.
Shots for this period are 13 for Monsters vs 11 for Condors. Output by the SimonT Hockey Simulator (STHS) for Francois Prevost - Original Page W3C HTML5 Valid
Hockey Simulator - Hockey Simulation - Hockey Manager